 Dungeon Crawl Stone Soup version 0.29.0-10-g45618ea6d2 (webtiles) character file.

Game seed: 12901534387099451698

560 Flugkiller the Chopper (level 7, 0/62 HPs)
             Began as a Minotaur Fighter on Sept 1, 2022.
             Succumbed to a scorpion's poison
             ... on level 4 of the Dungeon.
             The game lasted 00:01:34 (3168 turns).

Flugkiller the Chopper (Minotaur Fighter)           Turns: 3168, Time: 00:01:35

Health: 0/62       AC: 10    Str: 20    XL:     7   Next: 9%
Magic:  6/6        EV:  9    Int:  5    God:
Gold:   200        SH:  9    Dex: 12    Spells: 6/6 levels left

rFire   . . .      SeeInvis .   a - +0 war axe
rCold   . . .      Faith    .   c - +0 buckler
rNeg    . . .      Spirit   .   b - +0 scale mail
rPois   .          Reflect  +   (helmet restricted)
rElec   .          Harm     .   u - +0 cloak {Stlth+}
rCorr   +          Rampage  .   y - +0 pair of gloves
Will    +....                   (no boots)
Stlth   +.........              x - amulet of reflection
HPRegen 0.20/turn               k - ring of resist corrosion
MPRegen 0.10/turn               (no ring)

@: lethally poisoned (0 -> -2), hasted, very quick
A: horns 2, retaliatory headbutt, strong-willed 1, devolution 1
a: no special abilities


You were on level 4 of the Dungeon.
You visited 1 branch of the dungeon, and saw 5 of its levels.

You collected 200 gold pieces.

Inventory:

Hand Weapons
 a - a +0 war axe (weapon)
Missiles
 q - 10 boomerangs (quivered)
Armour
 b - a +0 scale mail (worn)
 c - a +0 buckler (worn)
 u - a +0 cloak of stealth (worn)
   (You found it on level 3 of the Dungeon)
 y - a +0 pair of gloves (worn)
   (You found it on level 5 of the Dungeon)
Jewellery
 k - a ring of resist corrosion (left hand)
   (You found it on level 1 of the Dungeon)
 t - a ring of wizardry
   (You found it on level 3 of the Dungeon)
 x - an amulet of reflection (around neck)
   (You found it on level 5 of the Dungeon)
Scrolls
 g - a scroll of vulnerability {unknown}
 i - a scroll of teleportation {unknown}
 j - 3 scrolls of immolation {unknown}
 l - 3 scrolls of identify {unknown}
 m - 2 scrolls of torment {unknown}
 o - a scroll of noise {unknown}
 p - a scroll of enchant armour {unknown}
 r - a scroll of magic mapping {unknown}
 v - a scroll of silence {unknown}
 z - 2 scrolls of fog {unknown}
 A - a scroll of fear {unknown}
Potions
 e - a potion of berserk rage {unknown}
 f - a potion of lignification {unknown}
 h - a potion of haste
 n - a potion of heal wounds {unknown}
 s - a potion of flight {unknown}
 w - a potion of brilliance {unknown}


   Skills:
 + Level 5.7 Fighting
 * Level 6.8 Axes
 + Level 5.8 Armour
 - Level 3.6 Shields


You had 6 spell levels left.
You didn't know any spells.
Your spell library was empty.

Dungeon Overview and Level Annotations

Branches:
Dungeon (5/15)
 Temple: D:4-7

Altars:
Kikubaaqudgha
Nemelex Xobeh
Uskayaw


Innate Abilities, Weirdness & Mutations

You have a pair of horns on your head.
You reflexively headbutt those who attack you in melee.
You are strong-willed. (Will+)
You have hidden genetic defects.


Message History

The adder bites you but does no damage.
You hit the adder but do no damage. Your headbutt misses the adder.
The adder is severely wounded.
The adder closely misses you. You furiously retaliate!
You headbutt the adder. You block the adder's attack.
You slash the adder!
You kill the adder!
You slash the quokka!
You kill the quokka!
No target in view!
You hear the quick rusting of a very distant drain.
An ogre comes into view. It is wielding a +0 giant club.
An orc comes into view. It is wielding a +0 mace.
You see here a +1 trident of freezing.
There are monsters nearby!
There are monsters nearby!
The orc shouts!
You hear a shout! x2; You hear an angry hiss.
A ball python comes into view.
An orc comes into view. It is wielding a +0 club.
You slash the ogre! You headbutt the ogre.
The ogre is moderately wounded.
The ogre barely misses you.
You slash the ogre!
The ogre is severely wounded.
An orc comes into view. It is wielding a +1 mace of protection.
You block the ogre's attack.
The orc moves out of view.
You hit the ogre but do no damage.
The ogre is severely wounded.
The ogre hits you with a +0 giant club!!
You hear a shout!
You hit the ogre.
The ogre is almost dead.
An ogre comes into view. It is wielding a +0 giant spiked club.
You slash the ogre!
You kill the ogre!
You have reached level 7!
You block the ball python's attack. The ball python grabs you.
The ball python constricts you.
You escape the ball python's grasp.
You see here a +1 trident of freezing.
It was a potion of mutation.
You feel extremely strange.
You feel a hidden malignance growing inside you.
You feel strong-willed. The ball python closely misses you.
The ball python grabs you. The ball python constricts you.
You closely miss the ball python. You headbutt the ball python.
You kill the ball python!
You hit the orc.
The orc is severely wounded.
You block the orc's attack.
You hit the orc but do no damage. The orc hits you but does no damage.
You closely miss the orc. The orc hits you but does no damage.
You barely miss the orc. The orc hits you but does no damage.
A scorpion comes into view.
You barely miss the orc. Your headbutt misses the orc.
The orc hits you with a +1 mace of protection.
You slash the orc!
You kill the orc!
You block the orc's attack.
You slash the orc!
You kill the orc!
You hit the ogre but do no damage. You headbutt the ogre!
The ogre is moderately wounded.
The ogre hits you with a +0 giant spiked club!!
* * * LOW HITPOINT WARNING * * *
You are too injured to fight recklessly!
You are too injured to fight recklessly!
You slash the ogre!
The ogre is heavily wounded.
You hit the scorpion. The scorpion stings you.
* * * LOW HITPOINT WARNING * * *
You are lethally poisoned!
The scorpion poisons you! The scorpion misses you. You furiously retaliate!
You headbutt the scorpion. You block the ogre's attack.
Okay, then.
You feel yourself speed up.
* * * LOW HITPOINT WARNING * * *
You feel very sick. The scorpion closely misses you.
Unknown command.
* * * LOW HITPOINT WARNING * * *
You feel sick.
* * * LOW HITPOINT WARNING * * *
You feel sick.
You see here 9 gold pieces.
* * * LOW HITPOINT WARNING * * *
You feel sick.
Found a stone staircase leading up.
* * * LOW HITPOINT WARNING * * *
You feel sick.
* * * LOW HITPOINT WARNING * * *
You feel sick.
* * * LOW HITPOINT WARNING * * *
You feel sick.
* * * LOW HITPOINT WARNING * * *
You feel sick.
* * * LOW HITPOINT WARNING * * *
You feel sick.
There is a stone staircase leading up here.
You die...

......# ....#.##. ..#.#
..###.##.## .#.###
..###............#
.......#.##..#...# #####
...##........#...#.....#
.......#.##......#.....#
.........#)............#
.......##o#...#.@#
...##..#)## #...#
......so## ##.##
..#.####.## ##..# ..#.#
##O###O#.# .##.#
##.#....# ###.#
##o##...... #.#
#.......## ..#
####.##...


You could see an ogre and an orc.

Vanquished Creatures
  Sigmund (D:2)
  An ogre (D:4)
  2 scorpions (D:4)
  2 hounds (D:4)
  An iguana (D:4)
  6 adders
  A worm (D:4)
  7 orcs
  6 ball pythons
  3 endoplasms (D:2)
  2 giant cockroaches
  4 goblins
  4 hobgoblins
  8 jackals
  5 quokkas
  4 bats
  2 frilled lizards (D:1)
  8 kobolds
  6 rats
73 creatures vanquished.

Notes
Turn   | Place    | Note
-------+----------+-------------------------------------------
     0 | D:1      | Flugkiller the Minotaur Fighter began the quest for the
                  | Orb.
     0 | D:1      | Reached XP level 1. HP: 19/19 MP: 0/0
   177 | D:1      | Reached skill level 3 in Axes
   177 | D:1      | Reached XP level 2. HP: 27/27 MP: 1/1
   981 | D:2      | Reached XP level 3. HP: 33/33 MP: 2/2
  1121 | D:2      | Found a sparkling altar of Nemelex Xobeh.
  1305 | D:2      | Noticed Sigmund
  1312 | D:2      | Killed Sigmund
  1313 | D:2      | Reached skill level 5 in Axes
  1313 | D:2      | Reached XP level 4. HP: 41/41 MP: 3/3
  1313 | D:2      | Reached XP level 5. HP: 47/47 MP: 4/4
  1661 | D:3      | Reached skill level 5 in Armour
  1734 | D:3      | Found a hide-covered altar of Uskayaw.
  1953 | D:3      | Reached skill level 5 in Fighting
  2173 | D:3      | Found a sparkling altar of Nemelex Xobeh.
  2717 | D:4      | Reached XP level 6. HP: 56/56 MP: 5/5
  2720 | D:4      | You fall into a shaft and drop 1 floor!
  2720 | D:5      | Entered Level 5 of the Dungeon
  2744 | D:5      | Identified the +0 robe of Springtime {Fly rN+ Dex+3}
  2940 | D:4      | Reached skill level 6 in Axes
  2974 | D:4      | Found an ancient bone altar of Kikubaaqudgha.
  3144 | D:4      | Reached XP level 7. HP: 34/62 MP: 6/6
  3146 | D:4      | Gained mutation: You have hidden genetic defects. [potion
                  | of mutation]
  3146 | D:4      | Gained mutation: You are strong-willed. (Will+) [potion of
                  | mutation]
  3162 | D:4      | HP: 3/62 [poisoned by a scorpion]
  3166 | D:4      | HP: 1/62 [poisoned by a scorpion]
  3168 | D:4      | Succumbed to a scorpion's poison

Illustrated notes

Levels and vault maps discovered:
D:1:      wander_arrival_desolate, layout_loops_ring, patterned_corridor
D:2:      layout_loops_ring, basic_altar, minmay_misc_feat_rugged, uniq_sigmund
D:3:      layout_loops_ring, nicolae_uskayaw_murder_on_the_dancefloor,
          nemelex_spade_bored_becter
D:4:      layout_loops_cross, mainiacjoe_overflow_surrounded_room,
          portal_sewer_entry_e
D:5:      layout_basic, serial_shops, shop

Skill      XL: |  1  2  3  4  5  6 |
---------------+-------------------+-----
Axes           | 3 5 6 |  6.8
Armour         | 4 5 |  5.8
Fighting       | 4 5 |  5.7
Shields        | |  3.6

Action                   |  1- 3 |  4- 6 |  7- 9 || total
-------------------------+-------+-------+-------++-------
Melee: War axe           |    63 |    97 |    10 ||   170
       Headbutt          |     5 |     9 |     2 ||    16
  Use: Potion            |     1 |       |     2 ||     3
Armor: Scale mail        |    25 |    29 |     3 ||    57
Dodge: Dodged            |    20 |    36 |     3 ||    59
Block: Buckler           |    14 |    33 |     4 ||    51
